 Dungeon Crawl Stone Soup version 0.31.0-32-g396128a36d (webtiles) character file.

Game seed: 17839951902553815843

41 Logoto the Trooper (level 3, -1/33 HPs)
             Began as a Hill Orc Fighter on Mar 10, 2024.
             Slain by Terence
             ... wielding a +0 trident
              (2 damage)
             ... on level 2 of the Dungeon.
             The game lasted 00:03:42 (1793 turns).

Logoto the Trooper (Hill Orc Fighter)               Turns: 1793, Time: 00:03:42

Health: -1/33      AC:  7    Str: 20    XL:     3   Next: 52%
Magic:  3/3        EV:  9    Int:  8    God:
Gold:   42         SH:  4    Dex: 10    Spells: 2/2 levels left

rFire   . . .        a - +0 war axe
rCold   . . .        c - +0 buckler
rNeg    . . .        b - +0 scale mail
rPois   .            (no helmet)
rElec   .            (no cloak)
rCorr   .            (no gloves)
SInv    .            (no boots)
Will    .....        (no amulet) Stlth
                     (no ring)
HPRegen 0.25/turn    (no ring)
MPRegen 0.08/turn

%: no passive effects
@: no status effects
A: no striking features
a: no special abilities


You were on level 2 of the Dungeon.
You visited 1 branch of the dungeon, and saw 2 of its levels.

You collected 42 gold pieces.

Inventory:

Hand Weapons
 a - a +0 war axe (weapon)
Armour
 b - a +0 scale mail (worn)
 c - a +0 buckler (worn)
Scrolls
 e - a scroll of noise {unknown}
 g - 2 scrolls of identify {unknown}
 h - a scroll of revelation {unknown}
 i - 2 scrolls of teleportation {unknown}
 k - a scroll of amnesia {unknown}
 n - a scroll of butterflies {unknown}
Potions
 d - a potion of might
 f - a potion of ambrosia {unknown}
 j - a potion of mutation {unknown}
 l - a potion of invisibility {unknown}
 m - a potion of curing {unknown}


   Skills:
 + Level 4.2 Fighting
 + Level 3.4 Axes
 + Level 3.7 Armour
 + Level 3.7 Shields


You had 2 spell levels left.
You didn't know any spells.
Your spell library was empty.

Dungeon Overview and Level Annotations

Branches:
Dungeon (2/15)

Altars:

Annotations:
D:2 Terence


Message History

i - 2 scrolls labelled JUDILO NOODGH (gained 1) Terence says, "Time to say good-bye..."
Terence hits you from afar with a +0 trident!
Terence hits you but does no damage.
You hit Terence but do no damage. Terence hits you with a +0 trident.
Terence hits you with a +0 trident!
You slash Terence!
Terence is heavily wounded.
Terence barely misses you.
You hit Terence but do no damage.
Terence is heavily wounded.
Terence hits you but does no damage.
You hit Terence but do no damage.
Terence is heavily wounded.
Terence hits you but does no damage. Terence barely misses you.
You hit Terence.
Terence is severely wounded.
Terence hits you with a +0 trident.
You completely miss Terence.
Terence is severely wounded.
You block Terence's attack.
You barely miss Terence.
Terence is severely wounded.
Terence closely misses you. Terence hits you with a +0 trident.
* * * LOW HITPOINT WARNING * * *
You completely miss Terence.
Terence is severely wounded.
You block Terence's attack.
You barely miss Terence.
Terence is severely wounded.
Terence barely misses you. You block Terence's attack.
You closely miss Terence.
Terence is severely wounded.
Terence hits you with a +0 trident!
* * * LOW HITPOINT WARNING * * *
You hit Terence.
Terence is almost dead.
Terence hits you with a +0 trident.
You die...
Terence says, "Time to find some more victims."

#################
#..........@@...#
#.#############.# #.#
#.# #.# #.############
#.##....)....# #
######.##.#######.# .#
................>.##.###


You could see Terence.

Vanquished Creatures
  2 dart slugs (D:1)
  3 ball pythons
  4 endoplasms (D:1)
  3 giant cockroaches
  4 goblins
  3 hobgoblins (D:2)
  3 kobolds (D:1)
  3 quokkas
  2 bats (D:1)
  3 frilled lizards
  3 rats
33 creatures vanquished.

Notes
Turn   | Place    | Note
-------+----------+-------------------------------------------
     0 | D:1      | Logoto the Hill Orc Fighter began the quest for the Orb.
     0 | D:1      | Reached XP level 1. HP: 19/19 MP: 1/1
   468 | D:1      | Reached XP level 2. HP: 27/27 MP: 2/2
   543 | D:1      | Reached skill level 4 in Fighting
   918 | D:1      | Reached XP level 3. HP: 33/33 MP: 3/3
   965 | D:1      | Found a faded altar of an unknown god.
  1778 | D:2      | Noticed Terence
  1792 | D:2      | HP: 1/33 [Terence/+0 trident (8)]
  1793 | D:2      | Slain by Terence

Illustrated notes

Levels and vault maps discovered:
D:1:      lemuel_arrival_broad_hall, layout_loops_ring,
          shapermc_ecumenical_altar_mp_urbaneastern
D:2:      layout_basic, grunt_ministairs_14, corexii_shack, uniq_terence

Skill      XL: |  1  2  3 |
---------------+----------+-----
Fighting       | 4 |  4.2
Axes           | 3 |  3.4
Armour         | |  3.7
Shields        | |  3.7

Action                     || total
---------------------------++-------
  Melee: War axe           ||   103
 Armour: Scale mail        ||    64
  Dodge: Dodged            ||    43
  Block: Buckler           ||    20
